 Dungeon Crawl Stone Soup version 0.26.0-10-g1f06aea511 (webtiles) character file.

Game seed: 1680609086937345167

82541 Borgoz the Fighter (level 15, -12/101 HPs)
             Began as a Gargoyle Gladiator on Jan 14, 2021.
             Was a High Priest of Ashenzari.
             Killed from afar by an ice dragon (19 damage)
             ... with a blast of cold
             ... on level 15 of the Dungeon.
             The game lasted 00:39:03 (20112 turns).

Borgoz the Fighter (Gargoyle Gladiator)            Turns: 20112, Time: 00:39:04

Health: -12/101    AC: 39    Str: 20    XL:     15   Next: 74%
Magic:  15/15      EV: 16    Int: 12    God:    Ashenzari [*****.]
Gold:   1806       SH:  0    Dex: 21    Spells: 14/14 levels left

rFire    + . .     SeeInvis +   a - +1 great sword (vorpal) (curse)
rCold    . . .     Faith    .   (shield currently unavailable)
rNeg     + + .     Spirit   .   x - +6 chain mail "Geuqubr Zuja" {Regen+} (curse)
rPois    ∞         Reflect  .   w - +2 hat {Int+3}
rElec    +         Harm     .   g - +0 cloak "Enurghinu" {rN+ Dex+3 SInv Stlth-} (curse)
rCorr    +         Rampage  .   M - +2 pair of gloves {Dex+3}
Will     +....     Clarity  +   r - +0 pair of boots
Stlth    ..........             i - amulet of regeneration (curse)
HPRegen  1.06/turn              I - ring of protection from fire
MPRegen  0.14/turn              v - ring of resist corrosion

@: confused, flying
A: big wings, negative energy resistance 1, electricity resistance, unbreathing,
petrification resistance, miasma immunity, AC +11
a: Stop Flying, Renounce Religion, Curse Item, Scrying, Transfer Knowledge


You were on level 15 of the Dungeon.
You worshipped Ashenzari.
Ashenzari was extremely pleased with you.
You visited 3 branches of the dungeon, and saw 22 of its levels.

You collected 2714 gold pieces.
You spent 908 gold pieces at shops.

Inventory:

Hand Weapons
 a - a cursed +1 vorpal great sword (weapon)
Armour
 g - the cursed +0 cloak "Enurghinu" (worn) {rN+ Dex+3 SInv Stlth-}
   (You bought it in a shop on level 9 of the Dungeon)

   It affects your dexterity (+3).
   It protects you from negative energy.
   It lets you see invisible.
   It makes you less stealthy.
   It has a curse placed upon it.
 r - a +0 pair of boots (worn)
 w - a +2 hat of intelligence (worn)
 x - the cursed +6 chain mail "Geuqubr Zuja" (worn) {Regen+}
   (You bought it in a shop on level 7 of the Dungeon)

   It increases your rate of regeneration.
   It has a curse placed upon it.
 M - a +2 pair of gloves of dexterity (worn)
Jewellery
 i - a cursed amulet of regeneration (around neck)
 p - an uncursed ring of willpower
 s - a +6 ring of intelligence
 v - a ring of resist corrosion (right hand)
 z - a +4 ring of evasion
 A - an uncursed amulet of reflection
 I - a ring of protection from fire (left hand)
Wands
 k - a wand of acid (13)
 l - a wand of digging (5)
 o - a wand of iceblast (28)
 D - a wand of flame (61)
 J - a wand of paralysis (20)
Scrolls
 d - 3 scrolls of magic mapping
 e - 9 scrolls of teleportation
 f - 4 scrolls of blinking
 h - a scroll of brand weapon
 m - 3 scrolls of fog
 t - 7 scrolls of remove curse
 y - a scroll of fear
 G - a scroll of holy word
 H - 4 scrolls of identify
 K - a scroll of silence
Potions
 c - 8 potions of curing
 j - a potion of cancellation
 n - 3 potions of resistance
 q - 3 potions of mutation
 u - 3 potions of haste
 B - 7 potions of brilliance
 C - 4 potions of magic
 E - 3 potions of might


   Skills:
 * Level 14.6 Fighting
 * Level 13.0(17.8) Long Blades
 - Level 1.7 Throwing
 * Level 13.7 Armour
 * Level 11.8 Dodging
 - Level 5.0 Evocations


You had 14 spell levels left.
You didn't know any spells.
Your spell library contained the following spells:

 Spells                   Type           Power        Failure   Level
 Animate Skeleton         Necr           0%           88%         1
 Corona                   Hex            0%           88%         1
 Magic Dart               Conj           0%           88%         1
 Pain                     Necr           0%           88%         1
 Sandblast                Erth           0%           88%         1
 Sting                    Tmut/Pois      0%           88%         1
 Summon Small Mammal      Summ           0%           88%         1
 Blink                    Tloc           N/A          96%         2
 Call Imp                 Summ           0%           96%         2
 Ensorcelled Hibernation  Hex/Ice        0%           96%         2
 Passwall                 Tmut/Erth      0%           96%         2
 Poisonous Vapours        Pois/Air       0%           96%         2
 Slow                     Hex            0%           96%         2
 Call Canine Familiar     Summ           0%           99%         3
 Confusing Touch          Hex            0%           99%         3
 Conjure Flame            Conj/Fire      0%           99%         3
 Dazzling Flash           Conj/Hex       0%           99%         3
 Ignite Poison            Fire/Tmut/Pois 0%           99%         3
 Mephitic Cloud           Conj/Pois/Air  0%           99%         3
 Stone Arrow              Conj/Erth      0%           99%         3
 Summon Guardian Golem    Hex/Summ       0%           99%         3
 Tukima's Dance           Hex            0%           99%         3
 Vampiric Draining        Necr           0%           99%         3
 Animate Dead             Necr           0%           100%        4
 Ice Form                 Ice/Tmut       0%           100%        4
 Olgreb's Toxic Radiance  Pois           0%           100%        4
 Petrify                  Tmut/Erth      0%           100%        4
 Summon Ice Beast         Ice/Summ       0%           100%        4
 Summon Lightning Spire   Summ/Air       0%           100%        4
 Agony                    Necr           0%           100%        5
 Borgnjor's Vile Clutch   Necr/Erth      0%           100%        5
 Fireball                 Conj/Fire      0%           100%        5
 Lee's Rapid Deconstruct  Erth           0%           100%        5
 Metabolic Englaciation   Hex/Ice        0%           100%        5
 Silence                  Hex/Air        0%           100%        5
 Freezing Cloud           Conj/Ice/Air   0%           100%        6
 Ozocubu's Refrigeration  Ice            0%           100%        6
 Shadow Creatures         Summ           N/A          100%        6
 Simulacrum               Ice/Necr       0%           100%        6
 Starburst                Conj/Fire      0%           100%        6
 Ignition                 Fire           0%           100%        8


Dungeon Overview and Level Annotations

Branches:
Dungeon (15/15)            Temple (1/1) D:7            Lair (6/6) D:10
  Swamp (0/4) Lair:2       Spider (0/4) Lair:4        Slime (0/5) Lair:5
    Orc (0/2) D:9          Vaults (0/5) D:13         Depths (0/5) D:15

Altars:
Ashenzari
Cheibriados
Dithmenos
Elyvilon
Fedhas
Gozag
Hepliaklqana
Kikubaaqudgha
Makhleb
Nemelex Xobeh
Okawaru
Qazlal
Ru
Sif Muna
Trog
Uskayaw
Vehumet
Wu Jian
Xom
Yredelemnul
Zin
The Shining One
Lugonu

Shops:
D:7 [   D:8 *   D:9 [=**   D:11 (

Portals:
Abyss: Lair:4


Innate Abilities, Weirdness & Mutations

You are resistant to torment.
Your stone body is resilient. (AC +11)
You are immune to poison.
Your large and strong wings let you fly indefinitely.
You resist negative energy. (rN+)
You are resistant to electric shocks. (rElec)
You can survive without breathing.
You are immune to petrification.
You are immune to miasma.


Message History

You hit the ice dragon.
The ice dragon is lightly wounded.
The ice dragon closely misses you. x2
The ice dragon tramples you but does no damage.
You slash the ice dragon!
The ice dragon is moderately wounded.
The ice dragon breathes frost at you. The blast of cold hits you!!
* * * LOW HITPOINT WARNING * * *
You are confused.
You feel invigorated. The ice dragon bites you!
* * * LOW HITPOINT WARNING * * *
The ice dragon claws you but does no damage.
The ice dragon tramples you but does no damage.
You bump into the stone wall.
The ice dragon bites you.
* * * LOW HITPOINT WARNING * * *
The ice dragon closely misses you. x2
The ice dragon breathes frost at you. The blast of cold hits you!!
You die...

, , * , * * * *** , ,,.....
,, ,, *,* * ,,,,..... * ***
,, * ,, ..... * ** ,* *, ,,
..... , ..... * * ######,
,..... ** ** #.$$$$#* ,....
,, , ∆, #####......(* ,,....
, ,, , ##..@.†# ,>#......
,,** ** *
##...##D$.....##...... , *
##..8.###.$$$$##..#####
#......#*#######..# ,,
##....## #..# ,, #.#### #..#
,* #.# #..# , #######.#
#..##### ,,
........#############.......


You could see an ice dragon (catching breath).

Vanquished Creatures
  Rupert (D:12)
  Gastronok (D:8)
  A sphinx (D:12)
  5 entropy weavers (Lair:4)
  A deep elf annihilator (D:12)
  A fire dragon (D:15)
  3 ogre magi
  2 boulder beetles
  5 hydras
  Harold (D:7)
  2 ghost crabs (Lair:4)
  A merfolk avatar (Lair:6)
  A catoblepas (Lair:5)
  5 centaur warriors
  11 two-headed ogres
  2 tengu warriors (D:13)
  5 death yaks (Lair:3)
  5 fire crabs
  An unseen horror (D:12)
  2 wizards (D:12)
  A lindwurm (Lair:6)
  2 necromancers (D:12)
  An ugly thing (D:12)
  2 deep elf magi
  2 manticores
  10 elephants
  3 black mambas
  A gargoyle (D:12)
  8 cane toads
  An apocalypse crab (Lair:4)
  14 komodo dragons
  5 rime drakes
  2 kobold demonologists (D:12)
  2 efreet
  2 tengu conjurers (D:12)
  2 trolls
  A wolf spider simulacrum (D:15)
  4 polar bears
  Prince Ribbit (Lair:1)
  A slime creature (D:13)
  9 blink frogs
  4 hornets
  A tarantella (Lair:4)
  A spriggan (Lair:3)
  18 yaks
  Sigmund (D:3)
  4 wyverns
  A shadow (D:9)
  2 basilisks
  7 wraiths
  2 steam dragons
  A vampire (D:15)
  6 vampire mosquitoes
  4 swamp worms
  A soldier ant (shapeshifter) (D:8)
  A two-headed ogre zombie (D:9)
  2 acid dragons
  4 orc warriors
  12 water moccasins
  3 phantoms
  5 sky beasts
  An ice beast (D:10)
  4 eyes of draining
  10 black bears
  2 hornet zombies
  A necrophage (D:10)
  15 ogres
  15 wolves
  3 boggarts (D:12)
  16 centaurs
  2 big kobolds
  15 bullfrogs
  Blork the orc (D:4)
  2 wyvern zombies
  7 scorpions
  A killer bee (D:8)
  10 howler monkeys
  17 wights
  An electric eel (D:13)
  6 centaur zombies
  4 bullfrog zombies
  A quasit (D:10)
  4 orc priests
  19 jellies
  7 hounds
  7 orc wizards
  Ijyb (D:5)
  2 centaur skeletons (D:8)
  4 iguanas
  4 worker ants
  7 ogre zombies (D:9)
  A hound zombie (D:5)
  4 mummies (D:13)
  A worker ant zombie (D:8)
  4 gnolls (D:8)
  13 adders
  3 shadow imps
  6 white imps
  An ufetubus (D:5)
  2 oozes (Lair:5)
  3 adder zombies
  2 adder skeletons
  3 worms
  9 leopard geckos
  34 orcs
  A ball python (D:1)
  9 bats
  5 giant cockroaches
  7 goblins
  9 hobgoblins
  11 jackals
  7 quokkas
  A ball python skeleton (D:4)
  10 frilled lizards
  A giant cockroach zombie (D:5)
  3 goblin zombies (D:9)
  5 hobgoblin skeletons (D:9)
  2 hobgoblin zombies (D:9)
  2 jackal skeletons
  11 kobolds
  3 orc skeletons (D:9)
  12 orc zombies (D:9)
  11 rats
595 creatures vanquished.

Vanquished Creatures (others)
  A kobold demonologist (D:14)
  A worker ant (D:5)
  An ufetubus (D:5)
  An orc (D:13)
  14 fungi
  A lurking horror (Lair:4)
  29 plants
  2 withered plants (D:13)
50 creatures vanquished.

Grand Total: 645 creatures vanquished

Notes
Turn   | Place    | Note
-------+----------+-------------------------------------------
     0 | D:1      | Borgoz the Gargoyle Gladiator began the quest for the Orb.
     0 | D:1      | Reached XP level 1. HP: 12/12 MP: 1/1
   121 | D:1      | Reached XP level 2. HP: 11/18 MP: 2/2
   386 | D:1      | Reached XP level 3. HP: 14/22 MP: 3/3
   618 | D:1      | Reached skill level 1 in Armour
  1343 | D:2      | You fall into a shaft and drop 1 floor!
  1385 | D:2      | Reached skill level 3 in Fighting
  1480 | D:2      | Reached XP level 4. HP: 28/28 MP: 4/4
  1539 | D:2      | Found a burning altar of Makhleb.
  1699 | D:2      | Found an ornate altar of the Wu Jian Council.
  1800 | D:2      | Found a hazy altar of Hepliaklqana.
  2236 | D:3      | You fall into a shaft and drop 1 floor!
  2268 | D:4      | Noticed an ogre
  2279 | D:4      | Killed an ogre
  2280 | D:4      | Reached XP level 5. HP: 7/33 MP: 0/5
  2290 | D:4      | Reached skill level 4 in Fighting
  2290 | D:4      | Reached XP level 6. HP: 3/38 MP: 1/6
  2760 | D:3      | Found a sacrificial altar of Ru.
  2860 | D:3      | Noticed Sigmund
  2871 | D:3      | Killed Sigmund
  2872 | D:3      | Reached XP level 7. HP: 34/44 MP: 4/7
  3332 | D:4      | Reached skill level 5 in Fighting
  3511 | D:4      | You fall into a shaft and drop 2 floors!
  3511 | D:6      | Found a burning altar of Makhleb.
  3699 | D:6      | Reached skill level 5 in Long Blades
  3702 | D:6      | HP: 2/44 [wight/cursed +0 great sword (12)]
  3709 | D:6      | HP: 1/44 [wight/+2 scimitar (9)]
  3807 | D:6      | Reached XP level 8. HP: 48/50 MP: 8/8
  3815 | D:5      | Entered Level 5 of the Dungeon
  3875 | D:4      | Noticed Blork the orc
  3891 | D:4      | Killed Blork the orc
  4082 | D:4      | Found a glowing golden altar of the Shining One.
  4643 | D:5      | Reached skill level 6 in Fighting
  4643 | D:5      | Reached skill level 5 in Dodging
  4696 | D:5      | Noticed Ijyb
  4716 | D:5      | Killed Ijyb
  4910 | D:5      | Got a warped leather armour
  4921 | D:5      | Identified the +2 leather armour of the Shining Light
                  | {*Slow rCorr Dex+8 SInv} (You found it on level 5 of the
                  | Dungeon)
  5055 | D:5      | Found a broken altar of Ashenzari.
  5107 | D:5      | Became a worshipper of Ashenzari the Shackled
  5267 | D:6      | Reached XP level 9. HP: 52/56 MP: 9/9
  5388 | D:6      | Reached skill level 7 in Fighting
  5847 | D:7      | Found a blossoming altar of Fedhas.
  5871 | D:7      | Found Jazu's Antique Armour Emporium.
  5883 | D:7      | Bought a bloodstained chain mail for 285 gold pieces
  5934 | D:7      | Identified the +6 chain mail "Geuqubr Zuja" {Regen+} (You
                  | bought it in a shop on level 7 of the Dungeon)
  5974 | D:7      | Noticed Harold
  6000 | D:7      | Reached skill level 5 in Armour
  6014 | D:7      | Killed Harold
  6015 | D:7      | Reached skill level 8 in Fighting
  6114 | D:7      | Found a snail-covered altar of Cheibriados.
  6115 | D:7      | Found a white marble altar of Elyvilon.
  6115 | D:7      | Found a hide-covered altar of Uskayaw.
  6539 | D:7      | Reached XP level 10. HP: 57/64 MP: 10/10
  6565 | D:7      | Found a staircase to the Ecumenical Temple.
  6674 | Temple   | Entered the Ecumenical Temple
  6849 | D:8      | Found Gozag's Platinum Reserve.
  6926 | D:8      | Found an opulent altar of Gozag.
  6946 | D:8      | Reached skill level 1 in Evocations
  7000 | D:8      | Reached * piety under Ashenzari
  7007 | D:8      | Noticed a cane toad
  7008 | D:8      | Noticed a boulder beetle
  7012 | D:8      | Noticed an orb spider
  7012 | D:8      | a cane toad changed into an orb spider
  7029 | D:8      | Found a bloodstained altar of Trog.
  7029 | D:8      | Noticed a moth of wrath
  7163 | D:8      | Noticed Gastronok
  7181 | D:8      | Killed Gastronok
  7182 | D:8      | Reached skill level 9 in Fighting
  7378 | D:8      | Killed a boulder beetle
  7379 | D:8      | Reached XP level 11. HP: 42/72 MP: 11/11
  7815 | D:9      | Found Ejuggoit's Assorted Antiques.
  7817 | D:9      | Bought a scroll labelled NIALAPS HARIUMU for 30 gold pieces
  7817 | D:9      | Bought a scroll of identify for 60 gold pieces
  8001 | D:9      | Found a staircase to the Orcish Mines.
  8213 | D:9      | Found Fenkibuo's Assorted Antiques.
  8217 | D:9      | Bought a lumpy coppery potion for 27 gold pieces
  8217 | D:9      | Bought a fuming yellow potion for 27 gold pieces
  8217 | D:9      | Bought a scroll of identify for 60 gold pieces
  8217 | D:9      | Bought a potion of might for 120 gold pieces
  8217 | D:9      | Bought a scroll of identify for 60 gold pieces
  8266 | D:9      | Noticed a two-headed ogre
  8273 | D:9      | Killed a two-headed ogre
  8274 | D:9      | Reached skill level 10 in Fighting
  8290 | D:9      | Found Pusa's Jewellery Emporium.
  8296 | D:9      | Found Julomaon's Armour Shoppe.
  8381 | D:9      | Found a shadowy altar of Dithmenos.
  8514 | D:10     | Entered Level 10 of the Dungeon
  8595 | D:10     | Found a staircase to the Lair.
  8988 | D:10     | Reached ** piety under Ashenzari
  9327 | D:11     | Found Dodataos's Antique Weapon Shoppe.
  9755 | D:11     | Noticed a two-headed ogre
  9764 | D:11     | Killed a two-headed ogre
 10397 | D:12     | Noticed a red ugly thing
 10411 | D:12     | Killed a red ugly thing
 10412 | D:12     | Reached XP level 12. HP: 55/78 MP: 12/12
 10495 | D:12     | Noticed a six-headed hydra
 10495 | D:12     | Noticed a two-headed ogre
 10534 | D:12     | Killed an 11-headed hydra
 10534 | D:12     | Killed a two-headed ogre
 10876 | D:12     | Noticed a sphinx
 10877 | D:12     | Noticed a deep elf annihilator
 10877 | D:12     | Noticed an ogre mage
 10966 | D:12     | Reached skill level 11 in Fighting
 10980 | D:12     | Reached skill level 10 in Long Blades
 10997 | D:12     | Found a shimmering blue altar of Sif Muna.
 11001 | D:12     | Found a transporter.
 11462 | D:13     | Noticed a tengu warrior
 11462 | D:13     | Noticed a tengu warrior
 11474 | D:13     | Killed a tengu warrior
 11486 | D:13     | Killed a tengu warrior
 11510 | D:13     | Noticed a two-headed ogre
 11511 | D:13     | Found a gate to the Vaults.
 11511 | D:13     | Noticed a two-headed ogre
 11518 | D:13     | Noticed Rupert
 11520 | D:13     | Killed a two-headed ogre
 11520 | D:13     | Noticed an ogre mage
 11532 | D:13     | Killed a two-headed ogre
 11533 | D:13     | Reached skill level 5 in Evocations
 11560 | D:12     | Paralysed by Rupert for 3 turns
 11564 | D:12     | Paralysed by Rupert for 5 turns
 11576 | D:12     | Killed Rupert
 11577 | D:12     | Reached skill level 10 in Armour
 11577 | D:12     | Reached XP level 13. HP: 35/84 MP: 13/13
 11642 | D:13     | Killed an ogre mage
 11710 | Lair:1   | Entered Level 1 of the Lair of Beasts
 11792 | Lair:1   | Reached *** piety under Ashenzari
 11885 | Lair:1   | Noticed Prince Ribbit
 11995 | Lair:1   | Killed Prince Ribbit
 12794 | Lair:2   | Reached skill level 12 in Fighting
 12959 | Lair:2   | Found a staircase to the Swamp.
 13178 | Lair:3   | Reached skill level 10 in Dodging
 14060 | Lair:4   | Found a corrupted altar of Lugonu.
 14074 | Lair:4   | Found a one-way gate to the infinite horrors of the Abyss.
 14113 | Lair:4   | Found a runed translucent door.
 14259 | Lair:4   | Found a hole to the Spider Nest.
 14617 | Lair:4   | Noticed an entropy weaver
 14637 | Lair:4   | Killed an entropy weaver
 14800 | Lair:4   | Gained mutation: Your large and strong wings let you fly
                  | indefinitely. [Gargoyle growth]
 14800 | Lair:4   | Reached XP level 14. HP: 86/92 MP: 14/14
 14807 | Lair:4   | Noticed an entropy weaver
 14823 | Lair:4   | Killed an entropy weaver
 14851 | Lair:4   | Noticed an entropy weaver
 14864 | Lair:4   | Killed an entropy weaver
 14896 | Lair:4   | Noticed an entropy weaver
 14906 | Lair:4   | Reached skill level 13 in Fighting
 14910 | Lair:4   | Killed an entropy weaver
 15218 | Lair:4   | Noticed an entropy weaver
 15220 | Lair:4   | Identified the ring of Tioredocw {Dex+3 Stlth-}
 15238 | Lair:4   | Killed an entropy weaver
 15423 | Lair:5   | Found an iron altar of Okawaru.
 15460 | Lair:5   | Reached **** piety under Ashenzari
 15557 | Lair:5   | Found a staircase to the Slime Pits.
 16344 | Lair:6   | Entered Level 6 of the Lair of Beasts
 16695 | Lair:6   | Noticed a dire elephant
 16969 | Lair:5   | Identified a scroll of acquirement
 16970 | Lair:5   | Acquired 712 gold pieces
 17119 | Lair:6   | Identified the cursed +1 rapier of Royalism {holy, +Inv
                  | rF+}
 17120 | Lair:6   | Identified the +3 hand crossbow of Perversion {elec,
                  | *Corrode rPois rN+ Will++}
 17238 | Lair:6   | Reached ***** piety under Ashenzari
 17748 | D:12     | Paralysed by a deep elf mage for 2 turns
 17763 | D:12     | Reached XP level 15. HP: 97/100 MP: 0/15
 17775 | D:12     | Reached skill level 14 in Fighting
 17785 | D:12     | Killed a sphinx
 17852 | D:12     | Found a transporter.
 18127 | D:9      | Bought the cursed +0 cloak "Enurghinu" {rN+ Dex+3 SInv
                  | Stlth-} for 239 gold pieces
 18631 | D:13     | Identified the +4 long sword of the Girdle {vorpal, rC+
                  | MP-9 Dex+4}
 19240 | D:14     | Identified the +2 falchion of the Sea {protect, Int+4}
 19461 | D:14     | Found a hide-covered altar of Uskayaw.
 19787 | D:15     | Entered Level 15 of the Dungeon
 20109 | D:15     | HP: 4/101 [ice dragon/blast of cold (23)]
 20110 | D:15     | HP: 1/101 [ice dragon (8)]
 20112 | D:15     | Killed from afar by an ice dragon

Illustrated notes

Levels and vault maps discovered:
D:1:      wander_arrival_chamber, layout_basic, minmay_lizard_pond
D:2:      layout_basic, overflow_temple_1_default, lemuel_crystal_altar,
          nzn_hepliaklqana_mist_gate
D:3:      layout_loops_cross, marbit_many_paths, uniq_sigmund
D:4:      layout_basic, tso_altar, uniq_blork_the_orc
D:5:      layout_rooms, kennysheep_mini_moat, uniq_ijyb
D:6:      layout_loops_cross, makhleb_heckhound_becter
D:7:      layout_loops_ring, lemuel_doored_altar,
          chequers_temple_overflow_statue_of_worship, lemuel_temple_firewalk_a,
          serial_shops, shop_fountains, uniq_harold
D:8:      layout_loops_cross, tgw_trog, nicolae_gozag_zags_fifth_avenue,
          minmay_the_grid_2x2 [minmay_the_grid_diamond_grid,
          minmay_the_grid_doors, minmay_the_grid_dragon_b,
          minmay_the_grid_prize_big_room], uniq_gastronok
D:9:      layout_basic, overflow_temple_1_default, zombieorc2_lemuel,
          serial_shops, shop_statue, shop, nicolae_shop_trees, shop,
          chequers_arboretum, kennysheep_generic_room_3
D:10:     layout_irregular_city, david_lair_generic
D:11:     layout_layer_cave, serial_shops, shop_statue, worms_lemuel
D:12:     gammafunk_sealed_library, layout_long_grid
D:13:     layout_basic, david_vaults_2, serial_undead, serial_undead_a,
          serial_undead_e, serial_undead_f, serial_undead_a, evilmike_minifort,
          uniq_rupert
D:14:     layout_stronghold, amethyst_killhole, serial_column_ruins,
          column_ruins_open_small_water, column_ruins_columns_T,
          column_ruins_grid_1, column_ruins_open_small, column_ruins_open_tiny,
          basic_altar, minmay_stone_trees_medium
D:15:     grunt_enter_depths_hoard, layout_long_grid, serial_park_tiny_1,
          minmay_beelzebubs_servants
Temple:   nicolae_temple_figure_zero
Lair:1:   layout_cave_pods, uniq_prince_ribbit2
Lair:2:   layout_roguey, minmay_swamp_entry_worms
Lair:3:   layout_concentric_octagons, grunt_forest_stairs_clearing,
          lemuel_fruit_fields
Lair:4:   gammafunk_mikee_crab_dinner, layout_misc_corridors,
          spider_nest_entry_rubble, amcnicky_altar_lugonu_corruption
Lair:5:   layout_gridlike, minmay_slime_entry_jelly_boxes, basic_altar,
          grunt_megastairs_5
Lair:6:   gammafunk_lair_ancient_temple, layout_hall_layers

Skill      XL: |  1  2  3  4  5  6  7  8  9 10 11 12 13 14 15 |
---------------+----------------------------------------------+-----
Long Blades    | 3 4 5 6 7 8 9 10 11 12 13 | 13.0
Armour         | 1 2 3 4 5 7 8 10 11 12 13 | 13.7
Fighting       | 3 4 5 6 8 9 10 11 12 13 14 | 14.6
Dodging        | 3 4 5 6 7 8 9 10 11 | 11.8
Evocations     | 2 4 5 |  5.0
Throwing       | |  1.7

Action                   |  1- 3 |  4- 6 |  7- 9 | 10-12 | 13-15 || total
-------------------------+-------+-------+-------+-------+-------++-------
Melee: Long sword        |   124 |    94 |   230 |       |       ||   448
       Great sword       |       |       |    85 |   740 |  1128 ||  1953
       Scimitar          |       |       |    16 |       |       ||    16
Throw: Throwing net      |       |     3 |       |     3 |       ||     6
Invok: Curse Item        |       |       |       |       |     3 ||     3
 Abil: Fly               |       |       |       |       |     1 ||     1
Evoke: Wand              |       |       |       |     6 |       ||     6
  Use: Scroll            |       |     9 |    10 |    13 |    11 ||    43
       Potion            |       |       |     9 |     3 |     7 ||    19
 Stab: Sleeping          |       |     3 |     6 |       |     1 ||    10
       Held in net/web   |       |     1 |       |     1 |       ||     2
       Invisible         |       |       |     4 |       |    11 ||    15
Armor: Leather armour    |    69 |    43 |   142 |       |   111 ||   365
       Chain mail        |       |       |    10 |   754 |  1017 ||  1781
Dodge: Dodged            |   111 |    55 |   308 |   555 |  1186 ||  2215
Block: Buckler           |       |       |     2 |       |       ||     2
       Rpst.: Long sword |    35 |    16 |    63 |       |       ||   114
       Great sword       |       |       |    23 |   132 |   242 ||   397
       Scimitar          |       |       |     1 |       |       ||     1
